 Dungeon Crawl Stone Soup version 0.25-a0-690-g234afa5 (webtiles) character file.

Game seed: 17648816141640453234, levelgen mode: deterministic

2235 shukka the Thaumaturge (level 9, -3/54 HPs)
             Began as a Deep Elf Conjurer on Mar 30, 2020.
             Slain by a centaur warrior
             ... wielding the +9 flail of Blood-Lust {holy, rPois Int+2 Dex+4}
              (21 damage)
             ... on level 9 of the Dungeon.
             The game lasted 01:25:21 (10306 turns).

shukka the Thaumaturge (Deep Elf Conjurer)         Turns: 10306, Time: 01:25:22

Health: -3/54      AC:  7    Str:  5    XL:     9   Next: 14%
Magic:  14/33      EV: 12    Int: 24    God:
Gold:   407        SH:  0    Dex: 15    Spells: 7/26 levels left

rFire    x . .     SeeInvis .   (weapon currently unavailable)
rCold    + + +     Gourm    .   (shield currently unavailable)
rNeg     . . .     Faith    .   (armour currently unavailable)
rPois    +         Spirit   .   (helmet currently unavailable)
rElec    .         Reflect  .   (cloak currently unavailable)
rCorr    .         Harm     .   (gloves currently unavailable)
MR       .....                  (boots currently unavailable)
Stlth    ++++......             (no amulet)
HPRegen  0.18/turn              r - ring of magical power
MPRegen  0.23/turn              L - ring of stealth

@: ice-form
A: large
a: End Transformation


You were on level 9 of the Dungeon.
You were hungry.
You were a creature of crystalline ice.
You visited 2 branches of the dungeon, and saw 10 of its levels.
You also visited: Sewer.

You collected 407 gold pieces.

Inventory:

Hand Weapons
 d - a +0 dagger (melded)
 o - a cursed -3 hand axe
 x - a +0 hunting sling
 T - a +0 hand crossbow
Missiles
 i - 11 boomerangs (quivered)
 j - 127 stones
 y - 105 arrows
 B - 2 throwing nets
 K - 6 silver boomerangs
 M - 45 bolts
Armour
 a - a +0 robe (melded)
 s - a +0 cloak (melded)
 O - a +2 hat (melded)
Jewellery
 r - a ring of magical power (left front paw)
 H - an uncursed ring of protection from magic
 I - an uncursed ring of wizardry
 L - a ring of stealth (right front paw)
 Q - an uncursed ring of flight
Wands
 p - a wand of paralysis (6)
 G - a wand of digging (7)
Scrolls
 e - a scroll of identify
 k - a scroll of magic mapping {unknown}
 l - a scroll of immolation {unknown}
 m - 5 scrolls of teleportation
 t - 2 scrolls of remove curse {unknown}
 u - a scroll of enchant weapon {unknown}
 v - 2 scrolls of fear {unknown}
 w - 2 scrolls of random uselessness
 E - 2 scrolls of amnesia
 F - a scroll of noise {unknown}
 J - 2 scrolls of blinking {unknown}
 N - a scroll of fog {unknown}
 P - a scroll of summoning {unknown}
Potions
 b - 3 potions of berserk rage {unknown}
 f - 7 potions of curing {unknown}
 g - 3 potions of might {unknown}
 h - 2 potions of resistance {unknown}
 n - a potion of brilliance {unknown}
 q - 3 potions of heal wounds {unknown}
 z - a potion of ambrosia {unknown}
 A - a potion of degeneration {unknown}
 C - a potion of magic {unknown}
 D - a potion of invisibility {unknown}
 S - a potion of stabbing {unknown}
Comestibles
 c - 11 rations
 R - a chunk of flesh


   Skills:
 - Level 4.0 Dodging
 + Level 5.0 Stealth
 + Level 9.1 Spellcasting
 + Level 6.9 Conjurations
 + Level 6.0 Hexes
 - Level 2.7 Translocations
 - Level 3.9 Transmutations
 - Level 4.2 Ice Magic


You had 7 spell levels left.
You knew the following spells:

 Your Spells              Type           Power        Failure   Level  Hunger
b - Searing Ray           Conj           #####.       1%          2    None
c - Fulminant Prism       Conj/Hex       #####.....   4%          4    ##.....
d - Sticks to Snakes      Tmut           ####....     1%          2    None
e - Dazzling Flash        Conj/Hex       #####.       1%          3    None
f - Iskenderun's Mystic   Conj/Tloc      ####....     8%          4    ##.....
g - Ice Form              Ice/Tmut       ####....     11%         4    ##.....

Your spell library contained the following spells:

 Spells                   Type           Power        Failure   Level  Hunger
 Beastly Appendage        Tmut           ####..       1%          1    None
 Magic Dart               Conj           ####         1%          1    None
 Sting                    Tmut/Pois      ###.         2%          1    None
 Mephitic Cloud           Conj/Pois/Air  ###.....     7%          3    None
 Spider Form              Tmut/Pois      ###.......   8%          3    None
 Poisonous Vapours        Pois/Air       ##....       9%          2    None
 Ignite Poison            Fire/Tmut/Pois ###.....     10%         3    None
 Blade Hands              Tmut           ####......   30%         5    ####...
 Olgreb's Toxic Radiance  Pois           ##......     50%         4    ##.....


Dungeon Overview and Level Annotations

Branches:
Dungeon (9/15)             Temple (1/1) D:4           Sewer (visited)
   Lair: D:8-11         Orc: D:9-12

Altars:
Ashenzari
Cheibriados
Dithmenos
Elyvilon
Fedhas
Gozag
Kikubaaqudgha
Makhleb
Nemelex Xobeh
Okawaru
Qazlal
Trog
Uskayaw
Wu Jian
Xom
Zin
The Shining One

Shops:
D:6 !}=   D:7 ?

Annotations:
D:5 3 runed translucent doors, robertstho's ghost, novice MiMo


Message History

The blast of energy engulfs the plant!
The plant is moderately damaged.
You hear a horrible gurgling sound!
Casting: Sticks to Snakes (safe; 1% risk of failure)
Confirm with . or Enter, or press ? or * to list all spells.
You turn into a creature of crystalline ice.
Your +0 dagger melds into your body.
Your +0 cloak melds into your body.
Your +2 hat melds into your body.
Your +0 robe melds into your body.
A kobold comes into view.
You barely miss the centaur warrior.
The centaur warrior is heavily wounded.
The centaur warrior unwields a +0 shortbow.
The centaur warrior wields the +9 flail of Blood-Lust {holy, rPois Int+2 Dex+4}.
It softly glows with a divine radiance!
The centaur warrior hits you with the +9 flail of Blood-Lust {holy, rPois Int+2 Dex+4}.
The kobold throws a stone.
The stone misses you.
You hit the centaur warrior. You freeze the centaur warrior.
The centaur warrior is severely wounded.
The centaur warrior hits you with the +9 flail of Blood-Lust {holy, rPois Int+2 Dex+4}!!
You die...

...H #.###...##. ....
#.#...###.. ....
###...###♣†#
....#######...###♣...#
....$...†...###♣....♣#
########..###♣...(P..#
#........P_}.♣#
##.###♣..c.P..# #..
##♣Y(..♣# ###. ##♣...#
## ##♣.# #.. #.K ###.
..# #...## #....###


You could see a centaur warrior and a kobold.

Vanquished Creatures
  A hippogriff (D:4)
  A water moccasin (D:6)
  Purgy (Sewer)
  A phantom (D:8)
  A necrophage (D:6)
  An orc warrior (D:6)
  An ice beast (D:6)
  A centaur (D:7)
  A big kobold (D:9)
  2 bullfrogs
  A wyvern skeleton (D:7)
  2 scorpions
  A howler monkey (D:5)
  2 crimson imps
  A bullfrog zombie (D:6)
  A centaur zombie (D:8)
  2 bullfrog skeletons
  An orc priest (D:6)
  4 hounds
  A jelly (D:4)
  3 orc wizards
  5 iguanas
  7 worker ants
  2 hound skeletons
  A worker ant zombie (D:6)
  2 howler monkey skeletons
  6 gnolls
  7 adders
  An adder zombie (D:6)
  2 adder skeletons
  3 worms
  A dart slug (D:2)
  A leopard gecko (D:5)
  17 orcs
  A ball python (D:1)
  6 bats
  8 giant cockroaches
  6 goblins
  4 hobgoblins
  24 jackals
  13 kobolds
  3 quokkas
  3 frilled lizards
  2 quokka skeletons
  6 rats
161 creatures vanquished.

Vanquished Creatures (collateral kills)
  An orc wizard (D:4)
  An adder (D:5)
2 creatures vanquished.

Vanquished Creatures (others)
  49 fulminant prisms
49 creatures vanquished.

Grand Total: 212 creatures vanquished

Notes
Turn   | Place    | Note
-------+----------+-------------------------------------------
     0 | D:1      | shukka the Deep Elf Conjurer began the quest for the Orb.
     0 | D:1      | Reached XP level 1. HP: 10/10 MP: 6/6
   280 | D:1      | Reached XP level 2. HP: 15/15 MP: 4/8
   284 | D:1      | Learned a level 2 spell: Searing Ray
  1113 | D:2      | Reached skill level 4 in Spellcasting
  1113 | D:2      | Reached skill level 5 in Conjurations
  1113 | D:2      | Reached XP level 3. HP: 19/19 MP: 4/10
  2074 | D:2      | Reached XP level 4. HP: 24/24 MP: 8/12
  2173 | D:2      | Learned a level 4 spell: Fulminant Prism
  2451 | D:3      | Reached skill level 1 in Hexes
  2761 | D:3      | Found an ornate altar of the Wu Jian Council,
  3573 | D:4      | Reached skill level 5 in Spellcasting
  3580 | D:4      | Reached XP level 5. HP: 22/28 MP: 12/14
  3973 | D:4      | Learned a level 2 spell: Sticks to Snakes
  4237 | D:4      | Noticed an angel
  4238 | D:4      | Found a glowing silver altar of Zin,
  4254 | D:4      | Reached skill level 1 in Transmutations
  4527 | D:4      | Reached XP level 6. HP: 32/32 MP: 16/16
  4842 | D:4      | Found a staircase to the Ecumenical Temple,
  4853 | D:4      | Noticed a hippogriff
  5055 | D:4      | Learned a level 3 spell: Dazzling Flash
  5189 | Temple   | Entered the Ecumenical Temple
  5455 | D:5      | Entered Level 5 of the Dungeon
  5784 | D:5      | Found a glowing drain,
  5843 | Sewer    | Entered a sewer
  5853 | Sewer    | Reached skill level 6 in Spellcasting
  5853 | Sewer    | Reached skill level 5 in Hexes
  5941 | Sewer    | Noticed Purgy
  5958 | Sewer    | Killed Purgy
  5958 | Sewer    | Reached XP level 7. HP: 16/36 MP: 12/18
  6612 | D:5      | Learned a level 4 spell: Iskenderun's Mystic Blast
  6810 | D:5      | Found a runed translucent gate,
  6811 | D:5      | Found a runed translucent gate,
  6812 | D:5      | Found a runed translucent gate,
  6812 | D:5      | Noticed robertstho's ghost (novice MiMo)
  7239 | D:4      | Killed a hippogriff
  7239 | D:4      | Reached skill level 7 in Spellcasting
  7239 | D:4      | Reached skill level 1 in Translocations
  7444 | D:6      | Found Bajuruir's Distillery,
  7448 | D:6      | Reached XP level 8. HP: 41/41 MP: 20/20
  7594 | D:6      | Learned a level 4 spell: Ice Form
  7608 | D:6      | Found Qeloxeku's Gadget Boutique,
  7624 | D:6      | Reached skill level 1 in Ice Magic
  8061 | D:6      | Reached skill level 8 in Spellcasting
  8245 | D:6      | Found a blossoming altar of Fedhas,
  8447 | D:6      | Found Baxkykk's Jewellery Shop,
  8637 | D:7      | Found Hepi's Magic Scroll Shop,
  9578 | D:8      | Found a hide-covered altar of Uskayaw,
  9638 | D:8      | Reached XP level 9. HP: 37/45 MP: 7/23
  9841 | D:8      | Found a shattered altar of Ashenzari,
  9856 | D:8      | Reached skill level 9 in Spellcasting
 10129 | D:9      | Found a white marble altar of Elyvilon,
 10287 | D:9      | Found a blossoming altar of Fedhas,
 10295 | D:9      | Identified the +9 flail of Blood-Lust {holy, rPois Int+2
                  | Dex+4}
 10295 | D:9      | Noticed a centaur warrior
 10299 | D:9      | Reached skill level 5 in Stealth
 10306 | D:9      | Slain by a centaur warrior

Levels and vault maps discovered:
D:1:      eino_arrival_water_star, layout_basic
D:2:      layout_loops_ring
D:3:      layout_loops_ring, lemuel_round_altar, serial_bayou,
          serial_bayou_pond_d, serial_bayou_shore_a, serial_bayou_pond_d,
          serial_bayou_lagoon_a
D:4:      layout_basic, zin_angel, minmay_temple_entry_sparse_star, first_ration
D:5:      layout_loops_ring, cheibrodos_sewer_entry_bend,
          ebering_ghost_rock_garden
D:6:      layout_rooms, fedhas_altar_1, serial_shops, kennysheep_mini_moat,
          shop, nicolae_shop_waterfront
D:7:      layout_basic, serial_shops, shop
D:8:      layout_cave_pools, overflow_temple_1_default,
          nicolae_overflow_crystal_walls
D:9:      minmay_the_grid_triangle_9x9_recursive_2
          [minmay_the_grid_triangle_9x9_prize_schism,
          minmay_the_grid_triangle_9x9_warning,
          minmay_the_grid_triangle_9x9_corruption,
          minmay_the_grid_triangle_9x9_shrine], layout_basic,
          nicolae_overflow_hidden_temple, lemuel_blue_sif_altar,
          lemuel_mausoleum_altar_yredelemnul,
          gammafunk_temple_overflow_forgotten, erik_lair_orcish_takeover
Temple:   minmay_temple_curvy_loop

Skill      XL: |  1  2  3  4  5  6  7  8  9 |
---------------+----------------------------+-----
Spellcasting   | 4 5 6 7 8 9 |  9.1
Conjurations   | 5 6 |  6.9
Hexes          | 2 3 5 6 |  6.0
Transmutations | 1 2 3 |  3.9
Dodging        | 4 |  4.0
Stealth        | 4 5 |  5.0
Translocations | 2 |  2.7
Ice Magic      | 4 |  4.2

Action                   |  1- 3 |  4- 6 |  7- 9 || total
-------------------------+-------+-------+-------++-------
Melee: Dagger            |    19 |     7 |     2 ||    28
       Unarmed           |       |       |     2 ||     2
 Cast: Magic Dart        |    40 |    68 |    38 ||   146
       Searing Ray       |    19 |    21 |    22 ||    62
       Fulminant Prism   |       |    10 |    39 ||    49
       Sticks to Snakes  |       |    10 |    13 ||    23
       Iskenderun's Myst |       |       |    11 ||    11
       Dazzling Flash    |       |       |     2 ||     2
       Ice Form          |       |       |     2 ||     2
  Use: Scroll            |       |       |     4 ||     4
 Stab: Sleeping          |       |       |     1 ||     1
  Eat: Chunk             |     4 |    13 |    13 ||    30
       Ration            |       |       |     1 ||     1
Armor: Robe              |     5 |     7 |     5 ||    17
       Ring mail         |     4 |       |       ||     4
Dodge: Dodged            |    25 |    33 |    27 ||    85

Table legend:
 A = Non-vault XP
 B = Vault XP
 C = Vault XP percentage of total XP
 D = Non-vault monster count
 E = Vault monster count
 F = Vault count percentage of total count
                 A         B        C        D         E       F
            +---------+---------+-------+---------+---------+-------
      Total |    3010 |     184 |   5.8 |     154 |       9 |   5.5
            +---------+---------+-------+---------+---------+-------
        D:1 |      28 |       0 |   0.0 |      16 |       0 |   0.0
        D:2 |      77 |       0 |   0.0 |      31 |       0 |   0.0
        D:3 |      45 |       0 |   0.0 |      18 |       0 |   0.0
        D:4 |     709 |       0 |   0.0 |      23 |       0 |   0.0
        D:5 |     304 |      10 |   3.2 |      22 |       2 |   8.3
        D:6 |     997 |       0 |   0.0 |      20 |       0 |   0.0
        D:7 |     405 |       0 |   0.0 |      11 |       0 |   0.0
        D:8 |     262 |       0 |   0.0 |       7 |       0 |   0.0
        D:9 |     183 |      33 |  15.3 |       6 |       1 |  14.3
      Sewer |       0 |     141 | 100.0 |       0 |       6 | 100.0
            +---------+---------+-------+---------+---------+-------
